cohdb
Replays
Latest Replays
All Replays
Popular Replays
Top Player Replays
Match Explorer
How It Works
Community
CoH3 Stats
Reddit
Sign in to upload your games and track your stats! →
Sign in with Steam
Match 47305861
Unlisted
Match 47305861
Overview
Messages
Build Orders
End
Construct Weapon Support Center
Selects Special Operations Battlegroup
Selects M29 Weasel Recon Vehicle
M29 Weasel Recon Vehicle
M1919 Machine Gun Team
Bazooka Squad
Mechanized Support Center
Selects Raiding Flares
M3 Armored Personnel Carrier
M3 Armored Personnel Carrier
Raiding Flares
Raiding Flares
Bazooka Squad
Bazooka Squad
Construct Tank Depot
Engineer Squad
Selects Mark Vehicle
Selects UNKNOWN (2162291)
Mark Vehicle
M4A1 Sherman Whizbang
Selects SSF Commando Squad
SSF Commando Squad
Mark Vehicle
SSF Commando Squad
Improved M9 Bazooka Rockets
Raiding Flares
Mark Vehicle
M4A1 Sherman Whizbang
Mark Vehicle
SSF Commando Squad
Mark Vehicle
SSF Commando Squad
Selects Air Re-supply Operation
M18 Hellcat Tank Destroyer
Mark Vehicle
SSF Commando Squad
Designate Forward Repair Station
Mark Vehicle
Mark Vehicle
SSF Commando Squad
Mark Vehicle
M4A1 Sherman Whizbang
SSF Commando Squad
晴天小怪兽
Laughing Sun
我的臭脚随莱闻
yylyoo
阿波罗
【嗜血狼族】灵狐魅儿
Hosty
nogadaman
0
0
Comments
sign in to comment!
No comments posted yet!